 Dungeon Crawl Stone Soup version 0.28.0-43-g3370ac3207 (webtiles) character file.

Game seed: 864648168762210246

7 experimilk the Ruffian (level 1, 0/16 HPs)
             Began as a Draconian Transmuter on Mar 22, 2022.
             Slain by a quokka (3 damage)
             ... on level 1 of the Dungeon.
             The game lasted 00:00:54 (76 turns).

experimilk the Ruffian (Draconian Transmuter)         Turns: 76, Time: 00:00:55

Health: 0/16       AC:  4    Str: 12    XL:     1   Next: 91%
Magic:  2/3        EV: 12    Int: 13    God:
Gold:   0          SH:  0    Dex: 11    Spells: 3/4 levels left

rFire   . . .      SeeInvis .     - Unarmed
rCold   . . .      Faith    .   (no shield)
rNeg    . . .      Spirit   .   (armour unavailable)
rPois   .          Reflect  .   (helmet currently unavailable)
rElec   .          Harm     .   (no cloak)
rCorr   .          Rampage  .   (no gloves)
Will    .....                   (boots currently unavailable)
Stlth   +.........              (no amulet)
HPRegen 0.05/turn               (no ring)
MPRegen 0.08/turn               (no ring)

@: appendages
A: horns 2, talons 2, AC +4, unfitting armour, cold-blooded
a: End Transformation


You were on level 1 of the Dungeon.
You had temporarily grown beastly horns and talons.
You visited 1 branch of the dungeon, and saw 1 of its levels.

You aren't carrying anything.


   Skills:
 - Level 1.1 Fighting
 - Level 1.7 Dodging
 + Level 3.2 Unarmed Combat
 - Level 2.0 Spellcasting
 + Level 2.3 Transmutations


You had 3 spell levels left.
You knew the following spells:

 Your Spells              Type           Power      Damage    Failure   Level
a - Beastly Appendage     Tmut           14%        N/A       10%         1

Your spell library contained the following spells:

 Spells                   Type           Power      Damage    Failure   Level
 Wereblood                Tmut           7%         N/A       14%         2
 Spider Form              Tmut/Pois      4%         N/A       43%         3
 Ice Form                 Ice/Tmut       4%         N/A       83%         4


Dungeon Overview and Level Annotations

Branches:
Dungeon (1/15)

Altars:


Innate Abilities, Weirdness & Mutations

You have temporarily grown beastly horns and talons.
Your plain brown scales are hard. (AC +4)
You cannot fit into any form of body armour.
You are cold-blooded and may be slowed by cold attacks.


Message History

You completely miss the goblin. Your headbutt misses the goblin.
The quokka bites you. The goblin hits you but does no damage.
You barely miss the goblin.
Your horns disappear.
Your talons disappear.
The quokka closely misses you. The goblin hits you with a +0 dagger.
* * * LOW HITPOINT WARNING * * *
The quokka misses you.
You hit the goblin.
The goblin is heavily wounded.
The goblin hits you but does no damage. The quokka misses you.
You closely miss the goblin.
The goblin is heavily wounded.
The quokka misses you. The goblin hits you but does no damage.
Casting: Beastly Appendage (safe; 10% risk of failure)
Confirm with . or Enter, or press ? or * to list all spells.
You grow a pair of large bovine horns.
Your feet morph into talons.
The quokka barely misses you. The goblin misses you.
You hit the goblin.
You kill the goblin!
The quokka barely misses you.
You closely miss the quokka. You tail-slap the quokka.
The quokka is moderately wounded.
The quokka closely misses you.
You hit the quokka.
The quokka is severely wounded.
The quokka barely misses you.
You closely miss the quokka. Your kick misses the quokka.
The quokka is severely wounded.
The quokka completely misses you.
You hit the quokka but do no damage. Your kick misses the quokka.
You tail-slap the quokka, but do no damage.
The quokka is severely wounded.
The quokka misses you.
You barely miss the quokka.
Your tail-slap misses the quokka.
The quokka is severely wounded.
The quokka closely misses you. The quokka barely misses you.
You miss the quokka.
The quokka is severely wounded.
The quokka bites you.
You die...

## ... ## ?....... ..
.....#.#... #
#......#... #.
##.#........
#.##....#..!...
###.....#........
.........)r......
##.##..#@##....
#.....#.##....
######.......#
####......#.......#
.........#.....)..#
####...##.#.####.....
..........#.# ...#.#
.......)..#.# #..# #
..#.....†.#.# ..#


You could see a quokka.

Vanquished Creatures
  An endoplasm (D:1)
  2 hobgoblins (D:1)
  A quokka (D:1)
  2 goblins (D:1)
6 creatures vanquished.

Notes
Turn   | Place    | Note
-------+----------+-------------------------------------------
     0 | D:1      | experimilk the Draconian Transmuter began the quest for the
                  | Orb.
     0 | D:1      | Reached XP level 1. HP: 16/16 MP: 3/3
    76 | D:1      | Slain by a quokka

Illustrated notes

Levels and vault maps discovered:
D:1:      minmay_arrival_shattered_statue, layout_basic,
          nicolae_ecumenical_snake_handling

Action                   || total
-------------------------++-------
Melee: Unarmed           ||    25
       Kick              ||     4
       Tailslap          ||     3
 Cast: Beastly Appendage ||     3
Armor: Skin              ||     6
Dodge: Dodged            ||    21
